Map: Winter's Gate LE

Players

Mez - Winner!

  • Race: Terran Terran
  • League: Master
  • Spawn Location: 11:00

HaPe

  • Race: Zerg Zerg
  • League: Master
  • Spawn Location: 5:00

VOD

Have the link to the VOD?

Description

Time

  • Played on: Aug. 27, 2019, 9:32 p.m.
  • Length: 18:00
Show
View Real Time Build Order
Export as new Build Order

Mez Terran - Winner!

Build Orders: Liberator Opening, Reaper Expand 

Get SALT Encoding   

  12  0:00  SCV  
  13  0:13  SCV  
  14  0:17  Supply Depot  
  14  0:25  SCV  
  15  0:38  SCV  
  15  0:41  Barracks  
  16  0:44  Refinery  
  16  0:50  SCV  
  17  1:03  SCV  
  18  1:15  SCV  
  19  1:28  Reaper  
  19  1:29  Orbital Command  
  20  1:40  Command Center  
  20  1:47  Supply Depot  
  20  1:55  SCV  
  20  2:00  Marine  
  22  2:09  SCV  
  22  2:12  Factory  
  23  2:18  Refinery  
  23  2:26  Barracks Reactor  
  23  2:33  Engineering Bay  
  23  2:36  SCV  
  23  2:49  SCV  
  23  2:54  Orbital Command  
  23  2:57  Starport  
  23  3:01  SCV  
  24  3:07  Hellion  
  24  3:08  Hellion  
  24  3:12  Barracks Tech Lab  
  28  3:13  SCV, Supply Depot  
  29  3:23  Liberator  
  29  3:24  SCV  
  29  3:25  SCV  
  30  3:41  Supply Depot  
  33  3:45  SCV x2  
  33  3:48  Hellion x2  
  39  3:51  Stimpack  
  39  3:57  SCV x2  
  41  4:09  Marine, Hellion x2  
  46  4:15  Supply Depot  
  46  4:16  SCV x2  
  48  4:28  SCV x2  
  50  4:40  Command Center, SCV x2  
  50  4:44  Supply Depot, Factory Reactor  
  52  4:52  SCV x2  
  54  4:53  Starport Reactor  
  54  4:54  Barracks  
  54  4:55  Barracks  
  54  4:57  Marine  
  55  5:04  SCV x2  
  55  5:16  SCV x2, Engineering Bay x2  
  55  5:17  Marine  
  55  5:18  Refinery  
  55  5:19  Refinery  
  55  5:28  SCV x2  
  57  5:38  Marine  
  57  5:40  SCV  
  57  5:41  SCV  
  58  5:47  Marine x2  
  58  5:48  Medivac x2  
  56  5:53  SCV x2  
  56  5:54  Orbital Command  
  56  5:56  Marine x3  
  59  5:57  Combat Shield  
  51  6:04  Marine  
  51  6:05  SCV  
  51  6:13  SCV  
  51  6:17  SCV  
  53  6:18  Supply Depot  
  53  6:20  Marine x4  
  53  6:22  Marine  
  53  6:24  Factory Tech Lab  
  58  6:29  Orbital Command  
  58  6:30  SCV x2  
  60  6:37  Terran Infantry Armor Level 1, Terran Infantry Weapons Level 1  
  60  6:44  Supply Depot  
  60  6:45  Marine x4  
  60  6:46  Armory  
  64  6:54  SCV x2  
  66  6:56  SCV  
  67  7:03  Siege Tank  
  67  7:04  Barracks, Medivac x2  
  67  7:05  Marine x4, Barracks  
  67  7:06  Marine  
  79  7:20  SCV x3  
  82  7:26  Supply Depot  
  82  7:27  Marine x3  
  82  7:28  Marine x2  
  87  7:32  SCV x2  
  87  7:33  SCV  
  90  7:44  SCV  
  90  7:45  Marine x4  
  90  7:46  Siege Tank  
  90  7:47  Medivac x2  
  90  7:48  SCV x2  
  105  7:56  SCV  
  97  8:07  Barracks Reactor x2  
  97  8:08  Marine  
  97  8:09  Marine x4  
  97  8:11  SCV x3  
  104  8:14  Factory, Supply Depot  
  104  8:19  Siege Tank  
  107  8:21  Barracks x2  
  107  8:22  Barracks, Supply Depot  
  107  8:23  SCV x2  
  109  8:36  Marine x5  
  114  8:45  Marine  
  114  8:51  Siege Tank  
  114  8:52  Marine x3  
  114  8:53  Marine x2  
  114  8:56  Marine x3  
  114  8:57  Terran Infantry Armor Level 2, Terran Infantry Weapons Level 2  
  114  8:59  Terran Vehicle Weapons Level 1  
  116  9:03  Marine  
  116  9:09  Marine  
  115  9:10  Marine  
  115  9:15  Marine x5  
  125  9:17  Marine  
  125  9:20  Marine  
  120  9:25  Factory Tech Lab, Siege Tank  
  120  9:27  Marine x2, Barracks Tech Lab x3  
  122  9:31  Supply Depot  
  122  9:38  Supply Depot x2  
  122  9:44  Marine  
  122  9:45  Marine x2  
  125  9:50  Supply Depot  
  125  9:51  Supply Depot  
  125  9:52  Command Center  
  125  9:53  Marine x3, Siege Tank, Refinery  
  125  9:54  SCV x2, Supply Depot  
  125  9:55  Refinery  
  125  9:57  Supply Depot  
  125  9:59  Siege Tank, SCV  
  137  10:01  Supply Depot  
  137  10:02  Supply Depot  
  137  10:06  SCV  
  133  10:12  Medivac x2  
  136  10:23  Marine x6, Marauder x4  
  136  10:24  Marine x2  
  136  10:25  Siege Tank  
  151  10:37  Siege Tank  
  151  10:41  Marine x3  
  151  10:42  Medivac  
  159  10:43  Command Center  
  158  10:57  Siege Tank  
  160  11:05  Marine x8, Marauder x4  
  160  11:09  Siege Tank  
  179  11:23  Marine  
  179  11:29  Siege Tank  
  177  11:43  Planetary Fortress  
  177  11:44  SCV  
  177  11:45  SCV  
  179  11:51  Marine x7, Marauder x3  
  179  11:52  Marine x2  
  190  12:04  SCV x3  
  190  12:07  Orbital Command, Missile Turret  
  193  12:09  Marine x3, Missile Turret  
  193  12:10  Marauder  
  193  12:13  Marauder  
  200  12:16  Concussive Shells  
  200  12:22  Medivac x2  
  197  12:26  Marine  
  197  12:27  Marauder x2  
  200  12:36  Marine x9  
  197  12:44  Marine  
  197  12:47  Marine  
  197  12:48  Marine, Missile Turret  
  197  12:54  Marine x7  
  177  13:06  Marine x5  
  177  13:12  Marine x7  
  186  13:14  Missile Turret  
  186  13:17  Missile Turret  
  171  13:20  Missile Turret x2  
  171  13:24  Marine x5  
  165  13:29  Marine  
  165  13:31  Marine  
  165  13:32  Marine x5  
  172  13:40  Medivac x2  
  170  13:42  Marine x4  
  173  13:49  Marine x3  
  173  13:50  Marine x3  
  173  13:53  Liberator x2  
  176  13:56  Marine  
  176  13:57  Marine  
  176  13:59  Marine  
  176  14:00  Marine  
  176  14:02  Armory  
  148  14:11  Marine x8  
  148  14:14  Marine  
  148  14:15  Marine  
  135  14:17  Marine  
  135  14:18  Marine, Siege Tank  
  135  14:26  SCV x3  
  135  14:31  SCV x2  
  140  14:36  Liberator  
  140  14:39  Siege Tank  
  143  14:46  Missile Turret  
  143  14:53  Medivac  
  143  14:55  Missile Turret  
  148  15:00  Thor  
  148  15:03  Command Center  
  154  15:07  Liberator  
  154  15:09  Sensor Tower  
  154  15:12  Marine x7, Marauder x4  
  169  15:19  Liberator  
  169  15:24  Refinery  
  169  15:25  Refinery  
  171  15:39  Marine  
  171  15:40  Marine x6  
  171  15:41  Marauder x3  
  171  15:42  Siege Tank  
  187  16:09  Marine x2, Marauder x2  
  187  16:10  Marauder  
  195  16:14  Marine x4  
  195  16:15  Marine  
  200  16:23  Marine x2  
  199  16:27  Marine  
  200  16:39  Marine x7  
  148  16:44  Marine x2, Marauder x2  
  148  16:45  Marine, Siege Tank x2  
  148  16:46  Medivac x2  
  135  16:57  Marine  
  135  17:00  Marine x2  
  135  17:01  Marine x2, Marauder x2  
  143  17:05  Marauder  
  143  17:22  SCV x4  
  153  17:24  SCV  
  145  17:34  SCV x3  
  154  17:39  Marine x2  
Show
View Real Time Build Order
Export as new Build Order

HaPe Zerg 

Build Orders: Hatch First 

Get SALT Encoding   

  12  0:00  Drone  
  13  0:09  Drone  
  14  0:17  Overlord  
  14  0:35  Drone x3  
  17  0:51  Hatchery  
  17  0:54  Drone  
  17  1:03  Drone  
  18  1:11  Spawning Pool  
  18  1:16  Extractor, Drone  
  17  1:19  Drone  
  18  1:34  Drone  
  19  1:41  Drone  
  20  1:51  Drone  
  21  2:02  Queen  
  21  2:03  Queen  
  21  2:05  Overlord  
  25  2:16  Zergling x2  
  25  2:17  Zergling x2  
  25  2:18  Drone  
  28  2:23  Extractor  
  28  2:24  Metabolic Boost  
  27  2:34  Spore Crawler  
  27  2:40  Extractor  
  27  2:44  Drone x5  
  28  2:51  Drone  
  34  2:54  Hatchery  
  34  2:58  Drone  
  34  3:01  Overlord  
  34  3:09  Drone x2  
  36  3:13  Overlord  
  36  3:26  Drone  
  38  3:27  Drone x3  
  38  3:33  Queen  
  38  3:34  Queen  
  40  3:40  Overlord  
  42  3:49  Evolution Chamber  
  42  3:53  Drone x6  
  47  4:02  Evolution Chamber  
  46  4:08  Queen  
  48  4:13  Queen x2  
  52  4:21  Zerg Missile Weapons Level 1  
  52  4:24  Extractor  
  52  4:25  Extractor, Drone x3  
  52  4:27  Spore Crawler  
  52  4:33  Zergling x12  
  58  4:54  Drone x3  
  58  4:57  Drone x5  
  64  5:17  Queen  
  64  5:20  Lair  
  64  5:22  Overlord  
  64  5:23  Roach Warren  
  62  5:35  Drone x2  
  58  5:36  Drone x7  
  54  6:12  Overlord  
  54  6:13  Drone x2  
  54  6:14  Drone x9  
  64  6:25  Glial Reconstitution  
  64  6:27  Zerg Missile Weapons Level 2  
  64  6:28  Zerg Ground Armor Level 1  
  64  6:43  Overlord x2  
  64  6:44  Overlord x2  
  64  6:45  Roach  
  64  6:46  Roach x7  
  80  6:50  Spore Crawler  
  79  7:11  Overlord  
  79  7:12  Drone  
  79  7:13  Roach  
  79  7:14  Roach x12  
  106  7:45  Ravager  
  106  7:46  Ravager x3  
  108  8:10  Roach x7  
  122  8:13  Overlord  
  122  8:15  Drone, Extractor  
  122  8:16  Overlord x4  
  122  8:17  Overlord x2, Extractor  
  121  8:37  Roach  
  121  8:38  Roach x9  
  139  9:04  Roach  
  139  9:05  Roach x13  
  167  9:14  Overlord x2  
  167  9:24  Overlord x3  
  167  9:41  Overlord x3, Hatchery  
  166  9:45  Overseer  
  166  9:47  Zergling x2  
  166  9:48  Zergling x14  
  166  9:51  Overlord  
  150  10:11  Drone  
  150  10:12  Drone x10  
  146  10:15  Extractor  
  146  10:16  Spire  
  136  10:31  Hatchery  
  135  11:09  Infestation Pit  
  134  11:40  Mutalisk x5  
  134  11:41  Mutalisk x14  
  134  11:43  Zergling x2  
  134  11:44  Zergling x12  
  179  12:04  Queen  
  170  12:34  Zergling x10  
  170  12:35  Zergling x18  
  184  12:47  Mutalisk  
  184  12:48  Roach  
  171  13:07  Roach x13  
  178  13:46  Roach x4  
  169  13:59  Hatchery  
  105  14:25  Roach x6  
  117  14:36  Ravager x5  
  117  14:37  Ravager x16  
  136  14:41  Baneling Nest  
  135  14:54  Hatchery  
  135  14:55  Zerg Ground Armor Level 2  
  134  15:16  Zergling x14  
  134  15:17  Zergling x12  
  134  15:19  Burrow  
  147  15:43  Centrifical Hooks  
  147  15:46  Zergling x20  
  151  15:55  Overseer  
  151  15:57  Baneling x4  
  151  15:58  Baneling x24  
  151  16:00  Extractor  
  151  16:01  Extractor, Drone x6  
  75  16:50  Zergling x16  
  58  17:39  Zergling x8  
  58  17:40  Zergling x12  
Tags
 
Add a new tag
Caveats
  • Supply blocks, unpowered buildings, or Contaminate may cause inaccurate times.
  • Supply counts are checked every 10 seconds.